 Dungeon Crawl Stone Soup version 0.28.0-45-g0d030f2227 (webtiles) character file.

Game seed: 17388446840589193501

230 Eitelfritz the Bolt Thrower (level 5, 0/69 HPs)
             Began as a Minotaur Hunter on Apr 8, 2022.
             Succumbed to an adder's poison
             ... on level 3 of the Dungeon.
             The game lasted 00:05:45 (1997 turns).

Eitelfritz the Bolt Thrower (Minotaur Hunter)       Turns: 1997, Time: 00:05:46

Health: 0/69       AC:  4    Str: 18    XL:     5   Next: 72%
Magic:  4/4        EV: 12    Int:  8    God:
Gold:   63         SH:  0    Dex: 11    Spells: 4/4 levels left

rFire   . . .      SeeInvis .   b - +0 trident
rCold   . . .      Faith    .   (no shield)
rNeg    . . .      Spirit   .   c - +0 leather armour
rPois   .          Reflect  .   (helmet restricted)
rElec   .          Harm     .   (no cloak)
rCorr   .          Rampage  .   (no gloves)
Will    .....                   n - +0 pair of boots
Stlth   ..........              (no amulet)
HPRegen 0.21/turn               (no ring)
MPRegen 0.09/turn               (no ring)

@: berserking (expiring), lethally poisoned (0 -> -1), very quick
A: horns 2, retaliatory headbutt
a: no special abilities


You were on level 3 of the Dungeon.
You visited 1 branch of the dungeon, and saw 3 of its levels.

You collected 63 gold pieces.

Inventory:

Hand Weapons
 a - a +1 hand crossbow
 b - a +0 trident (weapon)
 k - a +0 short sword
Missiles
 d - 22 bolts
 o - 3 javelins (quivered)
Armour
 c - a +0 leather armour (worn)
 h - a +0 ring mail
 n - a +0 pair of boots (worn)
Jewellery
 f - a ring of wizardry
 m - a ring of poison resistance
Scrolls
 e - 2 scrolls of identify {unknown}
 l - a scroll of blinking {unknown}
Potions
 i - a potion of flight {unknown}
 j - a potion of haste {unknown}


   Skills:
 + Level 3.7 Fighting
 + Level 1.0 Polearms
 + Level 6.5 Crossbows
 + Level 1.6 Armour
 + Level 2.8 Dodging
 + Level 1.0 Stealth


You had 4 spell levels left.
You didn't know any spells.
Your spell library contained the following spells:

 Spells                   Type           Power      Damage    Failure   Level
 Sublimation of Blood     Necr           0%         N/A       61%         2
 Wereblood                Tmut           0%         N/A       61%         2
 Summon Hydra             Summ           0%         N/A       100%        7


Dungeon Overview and Level Annotations

Branches:
Dungeon (3/15)

Altars:

Annotations:
D:3 Sigmund


Innate Abilities, Weirdness & Mutations

You have a pair of horns on your head.
You reflexively headbutt those who attack you in melee.


Message History

You kill the jackal!
You hear an angry hiss.
A jackal comes into view.
You closely miss the jackal. Your headbutt misses the jackal.
The jackal bites you but does no damage.
You barely miss the jackal. You headbutt the jackal.
You kill the jackal!
A hobgoblin comes into view.
The hobgoblin shouts!
The adder bites you.
* * * LOW HITPOINT WARNING * * *
The hobgoblin completely misses you. You furiously retaliate!
You headbutt the hobgoblin!
You kill the hobgoblin!
You see here a jackal corpse.
You miss the adder. Your headbutt misses the adder. The adder bites you.
* * * LOW HITPOINT WARNING * * *
You are lethally poisoned!
The adder poisons you!
You puncture the adder!
The adder is almost dead.
* * * LOW HITPOINT WARNING * * *
You feel sick. The adder closely misses you.
The adder bites you but does no damage.
It was a potion of berserk rage.
A red film seems to cover your vision as you go berserk!
You feel yourself moving faster!
You feel mighty!
* * * LOW HITPOINT WARNING * * *
You feel sick. The adder bites you but does no damage.
You closely miss the adder. Your headbutt misses the adder.
The adder is almost dead.
* * * LOW HITPOINT WARNING * * *
You feel sick. The adder bites you but does no damage.
You puncture the adder!
You kill the adder!
* * * LOW HITPOINT WARNING * * *
You feel sick.
You are too berserk!
You feel a strong urge to attack something.
You die...

########## ##
.........###.
.........##.. #
.........##.# .##
.........##.#.###.#
..........#.#..|..#
....<...)...#.###†# .
............##..@## ...
.(...........##†##.....
...............†.......
#########....†#######.#
#^.......# #...####..#
#.#.. .... #...# ..#
...## .#


There were no monsters in sight!

Vanquished Creatures
  A black bear (D:3)
  4 gnolls (D:2)
  4 adders
  3 bats
  4 endoplasms
  4 giant cockroaches
  4 goblins (D:2)
  6 hobgoblins
  10 jackals
  5 quokkas
  6 ball pythons
  2 frilled lizards
  7 kobolds
  3 rats (D:2)
63 creatures vanquished.

Notes
Turn   | Place    | Note
-------+----------+-------------------------------------------
     0 | D:1      | Eitelfritz the Minotaur Hunter began the quest for the Orb.
     0 | D:1      | Reached XP level 1. HP: 18/18 MP: 0/0
    44 | D:1      | Reached XP level 2. HP: 25/25 MP: 1/1
   132 | D:1      | Reached skill level 5 in Crossbows
   456 | D:1      | Found a faded altar of an unknown god.
   500 | D:1      | Reached XP level 3. HP: 30/30 MP: 2/2
  1223 | D:2      | Reached skill level 6 in Crossbows
  1223 | D:2      | Reached XP level 4. HP: 37/37 MP: 3/3
  1892 | D:3      | Noticed Sigmund
  1963 | D:3      | Noticed a black bear
  1973 | D:3      | Killed a black bear
  1974 | D:3      | Reached skill level 1 in Polearms
  1974 | D:3      | Reached skill level 1 in Armour
  1974 | D:3      | Reached skill level 1 in Stealth
  1974 | D:3      | Reached XP level 5. HP: 10/46 MP: 4/4
  1992 | D:3      | HP: 2/46 [poisoned by an adder]
  1997 | D:3      | Succumbed to an adder's poison

Illustrated notes

Levels and vault maps discovered:
D:1:      amcnicky_arrival_choice, layout_basic,
          chequers_ecumenical_altar_simple
D:2:      layout_loops_ring, nrook_loot_triangle, cheibrodos_gnoll_hut
D:3:      layout_rooms, minmay_misc_feat_chi, minmay_checkerbox, uniq_jessica,
          uniq_natasha, uniq_sigmund

Skill      XL: |  1  2  3  4 |
---------------+-------------+-----
Crossbows      | 5 6 |  6.5
Fighting       | 3 |  3.7
Polearms       | 1 |  1.0
Armour         | 1 |  1.6
Stealth        | 1 |  1.0
Dodging        | |  2.8

Action                   |  1- 3 |  4- 6 || total
-------------------------+-------+-------++-------
Melee: Trident           |     8 |    30 ||    38
       Headbutt          |       |     5 ||     5
 Fire: Hand crossbow     |    88 |    20 ||   108
  Use: Potion            |       |     1 ||     1
Armor: Leather armour    |     7 |    13 ||    20
Dodge: Dodged            |    16 |    32 ||    48
